 Dungeon Crawl Stone Soup version 0.28-a0-1506-g3893175d92 (webtiles) character file.

Game seed: 9960961451189566412

134278 murtidash the Slayer (level 17, -2/169 (181) HPs)
             Began as a Hill Orc Delver on Jan 13, 2022.
             Was an Initiate of Yredelemnul.
             Succumbed to a wolf spider's poison
             ... on level 1 of the Spider Nest.
             The game lasted 01:32:13 (45922 turns).

murtidash the Slayer (Hill Orc Delver)             Turns: 45922, Time: 01:32:14

HP:   -2/169 (181)  AC: 19    Str: 26 (29) XL:     17   Next: 16%
MP:   28/28         EV:  9    Int: 11 (13) God:    Yredelemnul [......]
Gold: 2124          SH:  5    Dex:  9 (12) Spells: 16/16 levels left

rFire   + . .      SeeInvis +   a - +5 battleaxe (vamp)
rCold   . . .      Faith    .   (shield currently unavailable)
rNeg    . . .      Spirit   .   h - +0 plate armour {rPois}
rPois   +          Reflect  +   C - +0 hat {Will+}
rElec   .          Harm     .   U - scarf {repulsion}
rCorr   .          Rampage  .   s - +0 pair of gloves
Will    ++...                   l - +0 pair of boots
Stlth   ..........              R - amulet of Sophism {Reflect Int+3 SH+5}
HPRegen 0.38/turn               O - ring of Sukhagawk {rF+ Str+6}
MPRegen 0.21/turn               P - ring of see invisible {sInv, !d}

@: lethally poisoned (-2 -> -13), studying Conjurations, drained, repel missiles
A: no striking features
a: Renounce Religion, Recall Undead Harvest


You were on level 1 of the Spider Nest.
You worshipped Yredelemnul.
Yredelemnul was pleased with you.
You visited 5 branches of the dungeon, and saw 25 of its levels.
You also visited: Ice Cave.

You collected 2779 gold pieces.
You spent 655 gold pieces at shops.

Inventory:

Hand Weapons
 a - a +5 vampiric battleaxe (weapon)
 b - a +1 triple crossbow of freezing
 w - a +3 battleaxe of freezing
 S - a +2 rapier of distortion {!w}
Missiles
 d - 250 bolts
Armour
 g - a +0 kite shield of positive energy
 h - a +0 plate armour of poison resistance (worn)
 l - a +0 pair of boots (worn)
 p - a +0 helmet
 s - a +0 pair of gloves (worn)
 x - a +0 cloak
 C - a +0 hat of willpower (worn)
 U - a scarf of repulsion (worn)
Jewellery
 o - an amulet of regeneration {+regen, !d}
 q - a ring of positive energy {rN+}
 z - a ring of flight {+Fly, !d}
 E - a ring of resist corrosion
 I - a ring of ice {rC+, rF-}
 O - the ring of Sukhagawk (left hand) {rF+ Str+6}
   (You found it on level 6 of the Lair of Beasts)

   [ring of protection from fire]

   Str:       It affects your strength (+6).
   rF:        It protects you from fire.
 P - a ring of see invisible (right hand) {sInv, !d}
 Q - a ring of protection from cold {rC+, !d}
 R - the amulet of Sophism (around neck) {Reflect Int+3 SH+5}
   (You found it on level 3 of the Lair of Beasts)

   [amulet of reflection]

   It reflects blocked missile attacks.
   Int:       It affects your intelligence (+3).
   SH:        It affects your SH (+5).
 Z - a ring of protection from cold {rC+, !d}
Wands
 y - a wand of flame (5)
 D - a wand of digging (10)
Scrolls
 c - 5 scrolls of fog
 j - 2 scrolls of brand weapon
 k - 7 scrolls of teleportation
 m - 2 scrolls of silence
 n - 3 scrolls of amnesia
 r - 5 scrolls of vulnerability {!r!r}
 v - 3 scrolls of identify {@r1}
 K - a scroll of fear
 M - 3 scrolls of immolation {!r}
 N - 2 scrolls of enchant armour
Potions
 e - 3 potions of cancellation
 i - a potion of resistance
 t - 6 potions of brilliance
 u - a potion of curing
 A - 3 potions of attraction {!q}
 B - a potion of might
 F - a potion of invisibility
 G - a potion of heal wounds
 H - a potion of haste
 L - 2 potions of flight
 T - 2 potions of mutation {!q}
 V - 2 potions of magic
Miscellaneous
 f - a lightning rod (4/4)
 J - a condenser vane


   Skills:
 + Level 23.9 Fighting
 - Level 16.7 Axes
 - Level 14.0 Armour
 - Level 4.9 Dodging
 - Level 4.1 Stealth
 - Level 6.0 Shields
 - Level 14.8 Invocations


You had 16 spell levels left.
You didn't know any spells.
Your spell library contained the following spells:

 Spells                   Type           Power      Damage    Failure   Level
 Animate Skeleton         Necr           0%         N/A       95%         1
 Apportation              Tloc           0%         N/A       95%         1
 Sandblast                Erth           0%         2d4       95%         1
 Sting                    Tmut/Pois      0%         1d3       95%         1
 Summon Small Mammal      Summ           0%         N/A       95%         1
 Poisonous Vapours        Pois/Air       0%         N/A       98%         2
 Sublimation of Blood     Necr           0%         N/A       98%         2
 Wereblood                Tmut           0%         N/A       98%         2
 Call Canine Familiar     Summ           0%         N/A       100%        3
 Gell's Gravitas          Tloc           0%         N/A       100%        3
 Lesser Beckoning         Tloc           0%         N/A       100%        3
 Ozocubu's Armour         Ice            0%         N/A       100%        3
 Portal Projectile        Hex/Tloc       0%         N/A       100%        3
 Teleport Other           Tloc           0%         N/A       100%        3
 Leda's Liquefaction      Hex/Erth       0%         N/A       100%        4
 Olgreb's Toxic Radiance  Pois           0%         N/A       100%        4
 Petrify                  Tmut/Erth      0%         N/A       100%        4
 Metabolic Englaciation   Hex/Ice        0%         N/A       100%        5
 Statue Form              Tmut/Erth      0%         N/A       100%        6
 Ozocubu's Refrigeration  Ice            0%         4d5       100%        7
 Summon Hydra             Summ           0%         N/A       100%        7
 Ignition                 Fire           0%         3d3       100%        8


Dungeon Overview and Level Annotations

Branches:
Dungeon (15/15)            Temple (1/1) D:5            Lair (6/6) D:10
  Swamp (0/4) Lair:2       Spider (2/4) Lair:2        Slime (0/5) Lair:6
    Orc (2/2) D:12            Elf (0/3) Orc:2        Vaults (0/5) D:13
 Depths (0/4) D:15          IceCv (visited)

Altars:
Ashenzari
Cheibriados
Dithmenos
Elyvilon
Gozag
Hepliaklqana
Kikubaaqudgha
Makhleb
Nemelex Xobeh
Okawaru
Qazlal
Ru
Sif Muna
Trog
Vehumet
Wu Jian
Xom
Yredelemnul
Zin
The Shining One
Beogh
Jiyva
Lugonu

Shops:
D:11 *   D:12 :(   Orc:2 !:=(

Portals:
Abyss: Lair:6
Trove: D:11 (give +4 storm dragon scales)

Annotations:
Lair:3 Jazxac's ghost, journeyman MiMo


Message History

The demonic crawler hits you but does no damage.
The pharaoh ant bites you!
You feel drained. The wolf spider hits you! The wolf spider bites you.
You are poisoned.
The wolf spider poisons you!
There is a stone staircase leading up, spattered with blood here.
Your +1 triple crossbow of freezing stops glowing.
You feel a sense of dread.
a - a +5 vampiric battleaxe (weapon)
You feel very sick.
The demonic crawler hits you but does no damage.
You block the demonic crawler's attack. The demonic crawler hits you.
The wolf spider barely misses you. The wolf spider bites you.
The pharaoh ant bites you!
You feel very sick. The culicivora bites you!
The culicivora draws strength from your injuries!
The demonic crawler shrieks in warning!
The wolf spider closely misses you.
The wolf spider bites you but does no damage.
The pharaoh ant bites you!!
* * * LOW HITPOINT WARNING * * *
You feel drained.
* * * LOW HITPOINT WARNING * * *
The culicivora bites you.
* * * LOW HITPOINT WARNING * * *
The culicivora draws strength from your injuries!
The demonic crawler hits you.
* * * LOW HITPOINT WARNING * * *
You block the demonic crawler's attack. The demonic crawler misses you.
The wolf spider hits you!
* * * LOW HITPOINT WARNING * * *
The wolf spider bites you but does no damage.
The pharaoh ant bites you!!
* * * LOW HITPOINT WARNING * * *
You hear an angry buzzing noise.
You climb upwards.
You feel yourself speed up.
You die...
Your body rises from the dead as a mindless zombie.

#.## #### ##..Z.####. ##.#
#..#########.ZZ..## #..#
#.........###Z..... ##..#
#.........ZZZ##.... #...#
#^.............##.. #...#
#...............### ##...##
#.................# #.....#
#sB.......(.......# #.....#
#.@...............# #.....##
#ss..............##
#......####...............#
##......ZZ##..............##
#.....ZZZ................##
#.....ZZ##..............##
#....ZZZ#####.........### ##
##....ZZ# #...........####.
#......# #...........ZZZZZ


You could see a demonic crawler, a wolf spider, a pharaoh ant and a culicivora.

Vanquished Creatures
  Jorgrun (D:14)
  Rupert (D:15)
  Gastronok (D:8)
  Agnes (D:14)
  An orc warlord (Orc:1)
  A frost giant (IceCv)
  Aizul (Spider:1)
  2 ghost moths (Spider:1)
  Azrael (Spider:1)
  2 entropy weavers (Spider:1)
  The ghost of Deinemn the Fighter, a journeyman MiBe of Trog (Orc:1)
  2 ettins
  4 boulder beetles
  3 hydras
  5 centaur warriors
  3 ogre magi
  A death knight (D:15)
  A dancing weapon (D:13)
  6 two-headed ogres
  11 death yaks
  2 tengu warriors (D:15)
  A thrashing horror (Lair:6)
  Nergalle (Orc:2)
  A pharaoh ant (Spider:1)
  8 skeletal warriors
  A steelbarb worm (Lair:2)
  A flayed ghost (D:11)
  A deep troll (D:14)
  3 orb spiders
  A deep elf pyromancer (D:14)
  A phantasmal warrior (D:15)
  3 wolf spiders (Spider:1)
  2 orc knights
  6 orc sorcerers
  2 cyclopes (D:15)
  A manticore (D:14)
  10 ugly things
  2 black mambas
  4 elephants (Lair:6)
  A centaur zombie (D:10)
  3 gargoyles
  An ice statue (IceCv)
  8 cane toads
  4 yaktaurs (D:14)
  3 demonic crawlers (Spider:1)
  An efreet (D:14)
  2 freezing wraiths (D:15)
  3 kobold demonologists
  6 rime drakes (IceCv)
  A tengu conjurer (D:15)
  7 komodo dragons
  An ancient zyme (Lair:6)
  2 queen bees (shapeshifter)
  5 polar bears
  7 trolls
  4 tarantellas (Spider:1)
  9 blink frogs
  7 slime creatures
  6 jumping spiders
  A jumping spider (shapeshifter) (D:14)
  A wyvern (Lair:2)
  4 wraiths
  3 culicivoras (Spider:1)
  A shadow (D:12)
  A vampire (D:10)
  46 yaks
  A centaur simulacrum (D:14)
  2 fire elementals (Spider:1)
  A ynoxinul (Lair:6)
  7 basilisks
  A chaos spawn (Lair:6)
  7 redbacks (Spider:1)
  4 wargs
  A death yak simulacrum (D:12)
  5 vampire mosquitoes
  Edmund (D:4)
  2 acid dragons (D:13)
  6 hell hounds
  10 water moccasins
  12 orc warriors
  A sky beast (D:5)
  3 black bears
  8 ogres
  24 wolves
  A wolf (shapeshifter) (D:14)
  8 centaurs
  2 kobold brigands
  A komodo dragon zombie (Lair:3)
  A two-headed ogre simulacrum (D:12)
  8 bullfrogs
  A water moccasin zombie (D:5)
  A gnoll sergeant (D:11)
  A water moccasin skeleton (D:6)
  31 killer bees
  6 wights
  2 bullfrog zombies
  2 electric eels
  A howler monkey (D:6)
  2 jellies (D:6)
  A hound (D:6)
  18 orc priests
  2 gnoll shamans (D:5)
  A centaur skeleton (D:7)
  25 orc wizards
  A hell rat (Lair:4)
  A polar bear simulacrum (D:12)
  2 small abominations (Lair:6)
  A spriggan simulacrum (D:12)
  A wolf simulacrum (D:12)
  A hound zombie (D:5)
  A howler monkey zombie (D:7)
  11 gnolls
  2 naga simulacra (D:12)
  An adder (D:4)
  A shadow imp (D:6)
  2 ufetubi
  3 adder skeletons
  A worm (D:3)
  3 dart slugs
  54 orcs
  6 ball pythons
  A bat (D:2)
  10 endoplasms
  3 giant cockroaches
  6 goblins
  4 hobgoblins
  4 jackals (D:2)
  11 kobolds
  A quokka (D:3)
  A frilled lizard (D:2)
  6 rats
588 creatures vanquished.

Vanquished Creatures (collateral kills)
  Kirke (Spider:1)
  4 hydras
  A boulder beetle (D:11)
  2 ogre magi (Orc:2)
  A dancing weapon (D:13)
  3 two-headed ogres
  6 death yaks
  2 thrashing horrors (Lair:6)
  A pharaoh ant (Spider:1)
  A large abomination (Lair:6)
  A skeletal warrior (D:15)
  2 orb spiders (Spider:1)
  2 ugly things (Lair:6)
  A moth of wrath (Spider:1)
  2 orc sorcerers (Orc:2)
  3 slime creatures
  An elephant (Lair:6)
  A smoke demon (Lair:6)
  2 torpor snails (Spider:1)
  A black mamba (Lair:6)
  2 cane toads
  6 komodo dragons
  3 ancient zymes (Lair:6)
  A polar bear (Lair:3)
  10 blink frogs
  5 tarantellas (Spider:1)
  2 culicivoras (Spider:1)
  A vampire (D:9)
  3 jumping spiders (Spider:1)
  A wraith (D:10)
  3 spriggans
  27 yaks
  A hog (Spider:1)
  A basilisk (Lair:6)
  A steam dragon (D:9)
  3 wyverns (D:10)
  2 fire elementals
  3 chaos spawn (Lair:6)
  8 redbacks
  3 vampire mosquitoes (Lair:2)
  An acid dragon (D:10)
  5 water moccasins
  A hell hound (Spider:1)
  5 orc warriors
  2 black bears (Lair:2)
  9 wolves
  An ogre (D:5)
  3 centaurs
  3 bullfrogs
  8 small abominations (Lair:6)
  A jelly (D:6)
  9 killer bees
  A wight (D:8)
  An electric eel (Lair:2)
  A bullfrog zombie (D:5)
  3 orc priests
  An iguana (D:4)
  10 orc wizards
  A troll simulacrum (D:12)
  2 gnolls (D:5)
  11 orcs
  A kobold (D:9)
  An orc zombie (Orc:2)
  A bush (Lair:5)
206 creatures vanquished.

Vanquished Creatures (others)
  A wizard (D:15)
  A death yak zombie (Lair:6)
  3 spectral slime creatures (D:15)
  An unseen horror (D:13)
  3 redback zombies (Spider:1)
  2 hydra zombies
  A culicivora zombie (Spider:1)
  A tarantella zombie (Spider:1)
  A boulder beetle zombie (D:13)
  3 jumping spider zombies (Spider:1)
  A black mamba zombie (Lair:6)
  3 two-headed ogre zombies
  A tengu zombie (D:15)
  A human zombie (D:15)
  A human (Spider:1)
  2 cane toad zombies
  A spectral smoke demon (Lair:6)
  An elf zombie (D:14)
  3 elephant zombies (Lair:6)
  5 blink frog zombies
  4 vampire mosquito zombies (Lair:2)
  A hog zombie (Spider:1)
  A rime drake zombie (IceCv)
  A spectral ynoxinul (Lair:6)
  2 hell hound zombies (Spider:1)
  5 water moccasin zombies
  2 wyvern zombies (D:10)
  2 warg zombies (Orc:2)
  20 yak zombies
  A polar bear zombie (Lair:3)
  14 wolf zombies
  4 basilisk zombies
  2 bullfrog zombies
  5 centaur zombies
  2 black bear zombies
  An orc wizard (Orc:2)
  16 killer bee zombies
  6 kobold zombies
  An ogre zombie (D:13)
  An electric eel zombie (Lair:1)
  4 gnoll zombies (D:5)
  A quokka (D:10)
  28 orc zombies
  A bush (Lair:2)
  A fire vortex (Lair:3)
  48 fungi
  87 plants
297 creatures vanquished.

Grand Total: 1091 creatures vanquished

Notes
Turn   | Place    | Note
-------+----------+-------------------------------------------
     0 | D:5      | murtidash the Hill Orc Delver began the quest for the Orb.
     0 | D:5      | Reached XP level 1. HP: 19/19 MP: 1/1
    83 | D:5      | Noticed a water moccasin zombie
    85 | D:4      | Noticed an orc priest
    85 | D:4      | Noticed an orc priest
    85 | D:4      | Noticed an orc wizard
   479 | D:3      | Found a stormy altar of Qazlal.
   481 | D:3      | Noticed a fire elemental
   482 | D:3      | Noticed a water elemental
   484 | D:3      | Noticed an earth elemental
   484 | D:3      | Noticed an air elemental
   503 | D:3      | Reached XP level 2. HP: 23/27 MP: 2/2
   607 | D:2      | Reached skill level 1 in Armour
   887 | D:2      | Reached skill level 4 in Fighting
  1198 | D:2      | Reached XP level 3. HP: 33/33 MP: 3/3
  1294 | D:2      | Found a sparkling altar of Nemelex Xobeh.
  2265 | D:3      | Noticed an ogre
  2271 | D:3      | Killed an ogre
  2272 | D:3      | Reached XP level 4. HP: 25/41 MP: 4/4
  2272 | D:3      | Reached XP level 5. HP: 29/47 MP: 5/5
  2780 | D:3      | Reached skill level 5 in Fighting
  3412 | D:4      | Reached skill level 5 in Axes
  3412 | D:4      | Reached XP level 6. HP: 39/56 MP: 6/6
  3591 | D:4      | Found a shimmering altar of Xom.
  3643 | D:4      | Noticed a two-headed ogre
  3838 | D:4      | Found a sparkling altar of Nemelex Xobeh.
  4010 | D:5      | Found a staircase to the Ecumenical Temple.
  4019 | Temple   | Entered the Ecumenical Temple
  4052 | Temple   | Became a worshipper of Yredelemnul the Dark
  4130 | D:5      | Noticed a black bear
  4145 | D:5      | Killed a black bear
  4256 | D:5      | Reached skill level 6 in Fighting
  4360 | D:5      | Reached XP level 7. HP: 62/63 MP: 4/7
  4409 | D:5      | Reached * piety under Yredelemnul
  4827 | D:5      | Found an ancient bone altar of Kikubaaqudgha.
  4874 | D:5      | Reached skill level 5 in Armour
  5293 | D:5      | Reached skill level 7 in Fighting
  5293 | D:5      | Reached XP level 8. HP: 57/73 MP: 8/8
  5848 | D:6      | Found an ornate altar of the Wu Jian Council.
  6312 | D:6      | Reached ** piety under Yredelemnul
  6535 | D:7      | Found a sacrificial altar of Ru.
  6637 | D:7      | Found a broken altar of Ashenzari.
  7463 | D:8      | Noticed a yak
  7463 | D:8      | Noticed a yak
  7476 | D:7      | Killed a yak
  7477 | D:7      | Reached skill level 1 in Invocations
  7578 | D:8      | Noticed a yak
  7579 | D:8      | Noticed a yak
  7603 | D:7      | Killed a yak
  7604 | D:7      | Reached skill level 8 in Fighting
  7608 | D:7      | Killed a yak
  7609 | D:7      | Reached XP level 9. HP: 47/82 MP: 9/11
  8037 | D:8      | Noticed a two-headed ogre
  8048 | D:8      | Killed a two-headed ogre
  8049 | D:8      | Reached skill level 9 in Fighting
  8167 | D:8      | Reached skill level 5 in Invocations
  8377 | D:8      | Noticed Gastronok
  8413 | D:8      | Killed Gastronok
  8414 | D:8      | Reached skill level 10 in Axes
  8414 | D:8      | Reached XP level 10. HP: 21/93 MP: 12/14
  8743 | D:8      | Reached skill level 10 in Fighting
  9870 | D:9      | Found a snail-covered altar of Cheibriados.
 10072 | D:9      | Reached *** piety under Yredelemnul
 10175 | D:9      | Found a shadowy altar of Dithmenos.
 10573 | D:9      | Reached **** piety under Yredelemnul
 10577 | D:9      | Noticed a kobold demonologist
 10595 | D:9      | Noticed a rust devil
 10598 | D:9      | Killed a kobold demonologist
 10846 | D:9      | Found a glowing golden altar of the Shining One.
 11386 | D:10     | Entered Level 10 of the Dungeon
 11676 | D:10     | Reached skill level 11 in Fighting
 11676 | D:10     | Reached XP level 11. HP: 76/102 MP: 17/17
 11780 | D:10     | Found a staircase to the Lair.
 11808 | D:10     | Noticed a two-headed ogre
 11818 | D:10     | Killed a two-headed ogre
 11818 | D:10     | Noticed a two-headed ogre
 11832 | D:10     | Killed a two-headed ogre
 12213 | D:10     | Found a glowing silver altar of Zin.
 12460 | D:10     | Reached skill level 10 in Armour
 13052 | D:10     | Found a white marble altar of Elyvilon.
 13482 | D:4      | Killed a two-headed ogre
 13804 | D:4      | Noticed Edmund
 13820 | D:4      | Killed Edmund
 14308 | D:11     | Noticed a flayed ghost
 14308 | D:11     | Noticed a cyclops
 14308 | D:11     | Noticed an ettin
 14308 | D:11     | Noticed a six-headed hydra
 14473 | D:11     | Noticed a boulder beetle
 14482 | D:11     | Killed a boulder beetle
 14483 | D:11     | Reached skill level 12 in Fighting
 14483 | D:11     | Reached skill level 10 in Invocations
 14665 | D:11     | Found Awyotzost's Fire Supplies.
 14706 | D:11     | Noticed a two-headed ogre
 14717 | D:11     | Killed a two-headed ogre
 14993 | D:11     | Noticed a skeletal warrior
 14993 | D:11     | Noticed a skeletal warrior
 14993 | D:11     | Noticed a skeletal warrior
 15009 | D:11     | HP: 19/104 [skeletal warrior (8)]
 15342 | D:10     | HP: 12/104 [skeletal warrior (16)]
 15371 | D:10     | HP: 15/104 [skeletal warrior (5)]
 15818 | Lair:1   | Entered Level 1 of the Lair of Beasts
 16040 | Lair:1   | Reached XP level 12. HP: 42/113 MP: 19/19
 16061 | Lair:1   | HP: 20/113 [yak (11)]
 16070 | Lair:1   | HP: 16/113 [yak (5)]
 16581 | Lair:1   | Found a dark tunnel.
 16586 | Lair:1   | Reached ***** piety under Yredelemnul
 17386 | Lair:2   | HP: 22/113 [blink frog (14)]
 17974 | Lair:2   | Reached skill level 13 in Fighting
 18217 | Lair:2   | Identified the +1 leather armour "Wuqim" {rC+}
 18611 | Lair:2   | Found a staircase to the Swamp.
 19312 | Lair:2   | Reached XP level 13. HP: 68/123 MP: 22/22
 19719 | Lair:2   | Found a hole to the Spider Nest.
 19768 | Lair:2   | Reached ****** piety under Yredelemnul
 20818 | Lair:3   | Found a runed translucent door.
 20818 | Lair:3   | Noticed Jazxac's ghost (journeyman MiMo)
 20902 | Lair:3   | Reached skill level 14 in Fighting
 21483 | Lair:3   | Reached skill level 15 in Axes
 21645 | Lair:3   | Identified the amulet of Sophism {Reflect Int+3 SH+5}
 22303 | Lair:3   | HP: 24/124 [komodo dragon zombie[the player character]
                  | (10)]
 22338 | Lair:3   | HP: 22/124 [Jazxac's ghost (6)]
 22346 | Lair:3   | HP: 24/124 [Jazxac's ghost (21)]
 22353 | Lair:3   | HP: 17/124 [Jazxac's ghost (12)]
 23554 | Lair:4   | HP: 25/125 [yak (13)]
 26634 | Lair:6   | Entered Level 6 of the Lair of Beasts
 27198 | Lair:5   | Reached skill level 15 in Fighting
 27198 | Lair:5   | Reached XP level 14. HP: 75/135 MP: 24/24
 27833 | Lair:6   | Reached skill level 1 in Shields
 29188 | Lair:6   | Found a viscous altar of Jiyva.
 29188 | Lair:6   | Found a staircase to the Slime Pits.
 29950 | Lair:6   | Identified the ring of Sukhagawk {rF+ Str+6}
 29983 | Lair:6   | Reached skill level 5 in Shields
 30436 | Lair:6   | Found a corrupted altar of Lugonu.
 30436 | Lair:6   | Found a one-way gate to the infinite horrors of the Abyss.
 30920 | D:11     | HP: 5/135 [ettin (38)]
 32044 | D:11     | Found a portal to a secret trove of treasure.
 32254 | D:12     | Found a staircase to the Orcish Mines.
 32271 | D:12     | Identified the +1 robe of Summer {Str+2}
 32310 | D:12     | Reached XP level 15. HP: 111/141 MP: 26/26
 32507 | D:12     | Found Nesugiut's Weapon Shop.
 32511 | D:12     | Bought a +2 vampiric battleaxe for 315 gold pieces
 32680 | D:12     | Found Luukib's Book Shoppe.
 32855 | D:12     | Found a frozen archway.
 32887 | IceCv    | Entered an ice cave
 32929 | IceCv    | Reached skill level 16 in Fighting
 33268 | IceCv    | Reached skill level 17 in Fighting
 33319 | IceCv    | Noticed a frost giant
 33337 | IceCv    | Killed a frost giant
 33743 | D:13     | Found a gate to the Vaults.
 34766 | D:13     | Reached skill level 18 in Fighting
 35147 | D:13     | Identified the +4 scale mail of the Heavens {-Cast rC-
                  | rN+++ Str+4}
 35777 | D:14     | Reached skill level 19 in Fighting
 37042 | D:14     | Noticed Agnes
 37491 | D:14     | Noticed Jorgrun
 37538 | D:14     | Killed Jorgrun
 38071 | D:15     | Entered Level 15 of the Dungeon
 38079 | D:15     | Reached XP level 16. HP: 162/162 MP: 27/27
 38079 | D:15     | Noticed Rupert
 38094 | D:14     | HP: 28/162 [ettin (17)]
 38479 | D:14     | Reached skill level 20 in Fighting
 38724 | D:14     | Killed Agnes
 39794 | D:15     | Killed Rupert
 39823 | D:15     | Reached skill level 21 in Fighting
 40015 | D:15     | Found a staircase to the Depths.
 40090 | D:15     | HP: 25/167 [death knight (27)]
 40097 | D:15     | HP: 3/167 [death knight (18)]
 40882 | Orc:1    | Entered Level 1 of the Orcish Mines
 41001 | Orc:1    | Found a shimmering blue altar of Sif Muna.
 41018 | Orc:1    | Got Sif Muna's Tome of Stones
 41223 | Orc:1    | Found a runed translucent gate.
 41223 | Orc:1    | Found a runed translucent gate.
 41223 | Orc:1    | Found a runed translucent gate.
 41226 | Orc:1    | Noticed Deinemn's ghost (journeyman MiBe)
 41275 | Orc:1    | Killed Deinemn's ghost
 41298 | Orc:2    | Entered Level 2 of the Orcish Mines
 41314 | Orc:2    | HP: 20/167 [orc priest (14)]
 41318 | Orc:2    | HP: 7/167 [orc priest/divine providence (11)]
 41325 | Orc:2    | HP: 31/167 [orc knight (6)]
 41328 | Orc:2    | HP: 6/167 [orc priest/divine providence (12)]
 41842 | Orc:1    | Found a roughly hewn altar of Beogh.
 41849 | Orc:1    | Paralysed by an orc sorcerer for 6 turns
 43042 | Orc:2    | Found a staircase to the Elven Halls.
 43308 | Orc:2    | Reached skill level 22 in Fighting
 43313 | Orc:2    | Found Laheq's Antique Weapon Emporium.
 43334 | Orc:2    | Found a radiant altar of Vehumet.
 43338 | Orc:2    | Paralysed by an orc sorcerer for 2 turns
 43343 | Orc:2    | Found Sogois's Jewellery Shoppe.
 43359 | Orc:2    | Noticed Nergalle
 43367 | Orc:2    | Killed Nergalle
 43369 | Orc:2    | Found an ancient bone altar of Kikubaaqudgha.
 43380 | Orc:2    | Found a roughly hewn altar of Beogh.
 43380 | Orc:2    | Found Ynlituept's Distillery.
 43391 | Orc:2    | Found Ciasch's Book Emporium.
 43479 | Orc:2    | Bought a potion of might for 68 gold pieces
 43479 | Orc:2    | Bought a potion of invisibility for 136 gold pieces
 43479 | Orc:2    | Bought a potion of heal wounds for 85 gold pieces
 43479 | Orc:2    | Bought a potion of curing for 51 gold pieces
 43800 | Spider:1 | Entered Level 1 of the Spider Nest
 44360 | Spider:1 | Noticed Aizul
 44379 | Spider:1 | Killed Aizul
 44775 | Spider:1 | Noticed Kirke
 44779 | Spider:1 | Reached skill level 23 in Fighting
 44784 | Spider:1 | Noticed a sphinx
 44788 | Spider:1 | Killed Kirke
 45125 | Spider:1 | Reached XP level 17. HP: 130/180 MP: 1/28
 45408 | Spider:1 | Noticed Azrael
 45417 | Spider:1 | Killed Azrael
 45921 | Spider:2 | HP: 3/169 [pharaoh ant (32)]
 45922 | Spider:1 | Succumbed to a wolf spider's poison

Illustrated notes

Levels and vault maps discovered:
D:2:      layout_basic, basic_altar
D:3:      layout_loops_corners, nicolae_qazlal_style_of_elements,
          minmay_door_square
D:4:      layout_rooms, nemelex_spade_bored_becter, kennysheep_mini, uniq_edmund
D:5:      layout_cave_pods, old_standard_altar, temple_fountains,
          kennysheep_minor_cross, uniq_pikel
D:6:      layout_basic, old_standard_altar
D:7:      layout_basic, mainiacjoe_overflow_brackets,
          cheibrodos_ashenzari_chains
D:8:      layout_basic, minivault_22, uniq_gastronok
D:9:      layout_stronghold, kennysheep_slug_shrine,
          nicolae_dithmenos_through_a_glass_darkly, tso_altar
D:10:     layout_grid_maze, mainiacjoe_overflow_surrounded_room,
          elyvilon_altar_4, minmay_lair_entry_grove, nicolae_wand_duel,
          dk_vineyard_1, minmay_misc_feat_secret_circle,
          hangedman_corner_corridor
D:11:     nicolae_cairo_tiling_very_big, layout_stronghold,
          trove_entry_hex_spiral, minivault_25_ag, nicolae_shop_fire_sale
          [nicolae_sub_dead_trees]
D:12:     layout_rooms, orc_0_dummy, portal_ice_cave_entry_ice_simulacra,
          serial_shops, nicolae_shop_crystal, nicolae_take_the_stairs
D:13:     layout_roguey, erik_vaults_1
D:14:     layout_loops_corners, serial_glass, glass_columns_b, glass_columns_a,
          item_on_display_a, item_on_display_b, uniq_jorgrun, uniq_agnes
D:15:     hangedman_depths_entry_civil_slaughter, layout_cave_pools, uniq_rupert
Temple:   eino_wide_crystal_templ
Lair:1:   layout_gridlike, enter_volcano_3, grunt_megastairs_1
Lair:2:   wad_woods_minihive, layout_chaotic_city, minmay_swamp_entry_swarm,
          spider_nest_entry_webs, forest_entry_grove, lemuel_fruit_fields
Lair:3:   layout_gridlike, hellmonk_ghost_happy_afterlife
Lair:4:   layout_cave_pods, st_stairs_10, lemuel_fruit_fields
Lair:5:   layout_misc_corridors, chequers_serial_rivers_micro_c,
          grunt_megastairs_4
Lair:6:   hellmonk_lair_end_abyssal_woods, layout_hall_layers,
          dpeg_slime_entry_enclosed_altar
Spider:1: layout_cave_pods, nicolae_spider_not_touching_you, uniq_azrael,
          uniq_aizul, uniq_kirke
Spider:2: gammafunk_boulding_lane, nicolae_spider_spiderdrome
Orc:1:    layout_diamond_mine, basic_altar, ebering_ghost_rock_garden,
          led_sif_book
Orc:2:    kennysheep_orc_mage_school, layout_diamond_mine

Skill      XL: |  1  2  3  4  5  6  7  8  9 10 11 12 13 14 15 16 |
---------------+-------------------------------------------------+-----
Axes           | 3 4 5 6 7 8 10 11 13 14 16 | 16.7
Armour         | 1 2 3 4 5 6 8 9 10 12 13 14 | 14.0
Fighting       | 4 5 6 7 8 9 11 12 13 15 19 23 | 23.9
Invocations    | 3 6 8 10 12 14 | 14.8
Shields        | 6 |  6.0
Dodging        | 4 |  4.9
Stealth        | |  4.1

Action                   |  1- 3 |  4- 6 |  7- 9 | 10-12 | 13-15 | 16-18 || total
-------------------------+-------+-------+-------+-------+-------+-------++-------
Melee: Hand axe          |    88 |       |       |   527 |    72 |       ||   687
       Flail             |    14 |   106 |   250 |   207 |   161 |       ||   738
       Punch             |       |     2 |     5 |    13 |     2 |       ||    22
       Morningstar       |       |       |       |    84 |   510 |       ||   594
       Battleaxe         |       |       |       |       |   373 |   448 ||   821
       Unarmed           |       |       |       |       |       |     2 ||     2
 Fire: Triple crossbow   |       |       |       |       |       |    13 ||    13
Invok: Recall Undead Har |       |     1 |       |     3 |     4 |       ||     8
       Dark Bargain      |       |       |       |       |     5 |     3 ||     8
Evoke: Wand              |       |     2 |     5 |    17 |    21 |     3 ||    48
       Lightning rod     |       |       |       |       |       |     4 ||     4
       Condenser vane    |       |       |       |       |       |     1 ||     1
  Use: Potion            |       |     3 |     1 |     6 |     8 |     7 ||    25
       Scroll            |       |     6 |     5 |     5 |    15 |     4 ||    35
 Stab: Distracted        |       |     1 |     2 |     7 |     9 |    10 ||    29
       Paralysed         |       |       |       |       |    10 |       ||    10
       Invisible         |       |       |       |       |       |     3 ||     3
Armor: Plate armour      |    51 |    73 |   194 |   515 |   575 |   276 ||  1684
Dodge: Dodged            |    17 |    30 |    77 |   245 |   323 |   234 ||   926
Block: Kite shield       |       |       |       |       |   325 |       ||   325
       Other             |       |       |       |       |    83 |   135 ||   218
       Reflection        |       |       |       |       |     9 |     7 ||    16

Table legend: (Time is in decaauts)
 A = Elapsed time spent in this place.
 B = Non-inter-level travel time spent in this place.
 C = Inter-level travel time spent in this place.
 D = Time resting spent in this place.
 E = Time spent auto-exploring this place.
 F = Levels seen in this place.
 G = Mean time per level.
                   A        B        C        D        E       F      G
               +--------+--------+--------+--------+--------+-----+--------+
         Total |  45937 |  43123 |   2814 |   6129 |  29557 |  26 | 1766.8 |
       Dungeon |  24955 |  23183 |   1772 |   2404 |  17333 |  14 | 1782.5 |
        Temple |     55 |     34 |     21 |      0 |     23 |   1 |   55.0 |
          Lair |  15786 |  14918 |    868 |   2764 |   9353 |   6 | 2631.0 |
   Spider Nest |   1796 |   1767 |     29 |    163 |   1248 |   2 |  898.0 |
  Orcish Mines |   2775 |   2653 |    122 |    738 |   1358 |   2 | 1387.5 |
      Ice Cave |    568 |    568 |      0 |     60 |    241 |   1 |  568.0 |
               +--------+--------+--------+--------+--------+-----+--------+

Top non-repeatable levels by time:
  Lair:2: 3818 daAuts
    D:14: 3025 daAuts
  Lair:6: 2945 daAuts
     D:9: 2898 daAuts
    D:10: 2694 daAuts
  Lair:4: 2469 daAuts
  Lair:5: 2340 daAuts
    D:13: 2227 daAuts
  Lair:3: 2120 daAuts
  Lair:1: 2091 daAuts
    D:11: 2065 daAuts
     D:3: 2053 daAuts
   Orc:1: 1844 daAuts
     D:5: 1836 daAuts
Spider:1: 1756 daAuts
